 Dungeon Crawl Stone Soup version 0.30-a0-458-g86641cc369 (webtiles) character file.

Game seed: 15993287962809240021

2996 NinjaNoafa the Conjurer (level 9, 0/78 HPs)
             Began as a Tengu Gladiator on Dec 14, 2022.
             Was an Initiate of Gozag.
             Slain by a water moccasin (4 damage)
             ... on level 6 of the Dungeon.
             The game lasted 00:20:09 (8692 turns).

NinjaNoafa the Conjurer (Tengu Gladiator)           Turns: 8692, Time: 00:20:10

Health: 0/78       AC:  6    Str: 13 (14) XL:     9   Next: 84%
Magic:  9/16       EV: 16    Int: 10 (12) God:    Gozag
Gold:   1318       SH:  0    Dex: 15 (17) Spells: 11/17 levels left

rFire   . . .      SeeInvis +    a - +2 long sword
rCold   + . .      Faith    .    p - orb {*channel}
rNeg    . . .      Spirit   .    D - +2 leather armour {rC+}
rPois   .          Reflect  .    c - +1 hat
rElec   .          Harm     .    (no cloak)
rCorr   .          Rampage  .    (no gloves)
Will    .....                    (boots unavailable)
Stlth   ..........               (no amulet)
HPRegen 0.33/turn                j - ring of wizardry
MPRegen 0.15/turn                e - ring of see invisible

@: berserking, flying quickly and evasively, very quick
A: beak, talons 3, nimble flight
a: Renounce Religion, Potion Petition, Call Merchant, Bribe Branch


You were on level 6 of the Dungeon.
You worshipped Gozag.
Gozag was most pleased with you.
You visited 2 branches of the dungeon, and saw 8 of its levels.
You also visited: Ossuary.

You collected 1318 gold pieces.

Inventory:

Hand Weapons
 a - a +2 long sword (weapon)
 r - a +2 dagger of venom
Missiles
 d - 2 throwing nets
 f - 38 stones
 i - a boomerang
 F - 6 javelins
Armour
 c - a +1 hat (worn)
 p - an orb of energy (worn)
 D - a +2 leather armour of cold resistance (worn)
Jewellery
 e - a ring of see invisible (right hand)
 j - a ring of wizardry (left hand)
Wands
 q - a wand of flame (28)
 s - a wand of charming (5)
 E - a wand of iceblast (10)
Scrolls
 b - 6 scrolls of teleportation
 n - 2 scrolls of fog
 y - a scroll of immolation
 z - a scroll of torment {unknown}
 B - 3 scrolls of vulnerability {unknown}
 G - a scroll of magic mapping
Potions
 g - 5 potions of ambrosia
 h - 2 potions of might
 k - a potion of cancellation {unknown}
 l - a potion of mutation {unknown}
 m - a potion of attraction {unknown}
 o - a potion of invisibility {unknown}
 u - a potion of resistance {unknown}
 v - 3 potions of brilliance
 w - a potion of degeneration
 x - a potion of berserk rage
 A - a potion of magic {unknown}
 C - 2 potions of lignification {unknown}


   Skills:
 + Level 4.7 Fighting
 + Level 5.6 Long Blades
 - Level 2.0 Throwing
 + Level 5.8 Dodging
 + Level 4.5 Spellcasting
 - Level 7.0 Conjurations
 + Level 6.0 Summonings
 + Level 4.6 Air Magic
 + Level 3.2 Poison Magic
 + Level 3.0 Evocations


You had 11 spell levels left.
You knew the following spells:

 Your Spells              Type           Power      Damage    Failure   Level
a - Magic Dart            Conj           64%        1d6       1%          1
b - Call Imp              Summ           14%        N/A       1%          2
c - Mephitic Cloud        Conj/Pois/Air  12%        N/A       4%          3

Your spell library contained the following spells:

 Spells                   Type           Power      Damage    Failure   Level
 Apportation              Tloc           4%         N/A       12%         1
 Ensorcelled Hibernation  Hex/Ice        4%         N/A       19%         2
 Spider Form              Tmut/Pois      5%         N/A       19%         3
 Anguish                  Hex/Necr       1%         N/A       73%         4
 Alistair's Intoxication  Tmut/Pois      3%         N/A       83%         5


Dungeon Overview and Level Annotations

Branches:
Dungeon (7/15)             Temple (1/1) D:6         Ossuary (visited)

Altars:
Cheibriados
Dithmenos
Elyvilon
Fedhas
Gozag
Hepliaklqana
Kikubaaqudgha
Makhleb
Nemelex Xobeh
Okawaru
Qazlal
Ru
Sif Muna
Trog
Uskayaw
Vehumet
Wu Jian
Xom
Yredelemnul
Zin
The Shining One


Innate Abilities, Weirdness & Mutations

You have a beak for a mouth.
You have claws for feet.
Your magical nature lets you fly swiftly and evasively.


Message History

* * * LOW HITPOINT WARNING * * *
You feel very sick.
The killer bee stings your iron imp but does no damage.
The water moccasin barely misses your iron imp.
The killer bee closely misses your iron imp.
You see here a +0 giant spiked club.
You feel better. The killer bee stings your iron imp.
The water moccasin barely misses your iron imp.
The killer bee stings your iron imp.
Your iron imp hits the killer bee.
The water moccasin bites your iron imp.
The killer bee stings your iron imp but does no damage.
The water moccasin bites your iron imp. The killer bee stings your iron imp.
Your iron imp hits the killer bee.
The killer bee stings your iron imp.
Your iron imp dies!
Your iron imp disappears in a puff of smoke!
Casting: Call Imp (safe; 1% risk of failure)
Confirm with . or Enter, or press ? or * to list all spells.
A beastly little devil appears in a puff of flame.
The water moccasin attacks as you move away!
The water moccasin bites you.
* * * LOW HITPOINT WARNING * * *
Okay, then.
As you read the scroll labelled DIV BAEX VIECEI, it crumbles to dust.
The creatures around you are filled with an inner flame!
It was a scroll of immolation.
Your crimson imp blinks!
The water moccasin bites you.
* * * LOW HITPOINT WARNING * * *
It was a potion of degeneration.
There was something very wrong with that liquid.
You feel weakened.
You feel dopey.
You feel clumsy. The water moccasin bites you.
* * * LOW HITPOINT WARNING * * *
The water moccasin closely misses you.
It was a potion of berserk rage.
A red film seems to cover your vision as you go berserk!
You feel yourself moving faster!
You feel mighty! The water moccasin bites you.
You die...
Your body crumbles into a pile of gold.

#.#### #.......).### #....#
#.........########### ####.###
#####>............5Y. ##....##
#....############ ##..##[.###
##....# #..####[..# ###..####
#..~~~.)#.## #...## ####
#.~~§~~.#..###.########## ##...
#~~§§§~§##>..)yS@.......#####..##
#§§~>~§§###.##########)#.......#.
#~§§~~~~#...# #[#.###.#[#.
#.~§§~~...### #.#.##..#[..
#..~§§...## #.#.....###.
###......# #.###.#...#. ########
#.#.......## #.#.#.#.....
#.#.#.######


You could see a water moccasin (inner flame) and a killer bee (inner flame).

Vanquished Creatures
  Pikel (D:6)
  Eustachio (D:6)
  An orc warrior (D:6)
  An ice beast (D:6)
  A black bear (D:6)
  An ogre (D:5)
  A centaur (D:6)
  A phantom (D:4)
  6 scorpions
  A howler monkey (D:4)
  A centaur zombie (Ossuary)
  3 human zombies (Ossuary)
  A hound (D:5)
  An orc priest (D:6)
  An iguana (D:5)
  4 orc wizards
  Natasha (thrice) (D:4 D:3)
  4 scorpion zombies (Ossuary)
  2 mummies (Ossuary)
  8 gnolls
  5 adders
  A shadow imp (D:7)
  A white imp (D:4)
  2 ufetubi
  2 dart slugs
  19 orcs
  7 bats
  6 endoplasms
  2 giant cockroaches
  5 goblins
  8 hobgoblins
  10 jackals
  7 kobolds
  4 quokkas
  8 ball pythons
  6 frilled lizards
  3 goblin zombies
  A kobold zombie (Ossuary)
  An orc zombie (Ossuary)
  6 rats
147 creatures vanquished.

Vanquished Creatures (collateral kills)
  An ogre (D:5)
  5 scorpions (Ossuary)
  A killer bee (D:6)
  A crimson imp (D:4)
  A centaur zombie (Ossuary)
  2 jellies
  A human zombie (Ossuary)
  Ijyb (D:5)
  An orc wizard (D:6)
  2 scorpion zombies (Ossuary)
  A mummy (Ossuary)
  A white imp (D:6)
  2 worms (D:4)
  A hobgoblin (D:4)
  A jackal (D:4)
  A goblin zombie (Ossuary)
  A hobgoblin zombie (Ossuary)
  A rat zombie (D:6)
25 creatures vanquished.

Grand Total: 172 creatures vanquished

Notes
Turn   | Place    | Note
-------+----------+-------------------------------------------
     0 | D:1      | NinjaNoafa the Tengu Gladiator began the quest for the Orb.
     0 | D:1      | Reached XP level 1. HP: 12/12 MP: 2/2
   103 | D:1      | Reached XP level 2. HP: 15/17 MP: 3/3
   620 | D:1      | Reached XP level 3. HP: 22/22 MP: 4/4
   666 | D:1      | Found a faded altar of an unknown god.
   677 | D:1      | Prayed at the altar of an unknown god.
   677 | D:1      | Became a worshipper of Gozag Ym Sagoz the Greedy
  1361 | D:2      | Reached XP level 4. HP: 21/27 MP: 5/5
  1878 | D:3      | Reached skill level 1 in Conjurations
  1979 | D:3      | Reached skill level 2 in Conjurations
  2021 | D:3      | Reached skill level 3 in Conjurations
  2021 | D:3      | Gained mutation: Your magical nature lets you fly swiftly
                  | and evasively. [Tengu growth]
  2021 | D:3      | Reached XP level 5. HP: 14/32 MP: 6/6
  2104 | D:2      | Learned a level 1 spell: Magic Dart
  2270 | D:3      | Reached skill level 1 in Summonings
  2916 | D:4      | Noticed Natasha
  3084 | D:4      | Killed Natasha
  3085 | D:4      | Reached skill level 4 in Conjurations
  3146 | D:4      | Noticed a phantom
  3291 | D:4      | Learned a level 2 spell: Call Imp
  3330 | D:4      | Noticed Natasha
  3377 | D:3      | Killed Natasha
  3378 | D:3      | Reached skill level 1 in Evocations
  3378 | D:3      | Reached XP level 6. HP: 30/37 MP: 0/8
  3382 | D:3      | Reached skill level 1 in Spellcasting
  3386 | D:3      | Noticed Natasha
  3502 | D:3      | Killed Natasha
  4061 | D:4      | Reached XP level 7. HP: 36/41 MP: 4/10
  4145 | D:4      | Reached skill level 5 in Conjurations
  4496 | D:5      | Entered Level 5 of the Dungeon
  4766 | D:5      | Noticed Ijyb
  5425 | D:6      | Noticed Pikel
  5463 | D:6      | Killed Pikel
  5464 | D:6      | Reached skill level 1 in Poison Magic
  5464 | D:6      | Reached XP level 8. HP: 21/46 MP: 9/14
  5635 | D:6      | Noticed Eustachio
  5722 | D:6      | Killed Eustachio
  5723 | D:6      | Reached skill level 5 in Summonings
  5845 | D:6      | Found a sand-covered staircase.
  5855 | D:6      | Reached skill level 6 in Conjurations
  6002 | Ossuary  | Entered an ossuary
  6021 | Ossuary  | Reached skill level 5 in Dodging
  6021 | Ossuary  | Reached XP level 9. HP: 48/52 MP: 8/15
  6080 | Ossuary  | Reached skill level 5 in Long Blades
  6100 | Ossuary  | Learned a level 3 spell: Mephitic Cloud
  7128 | D:6      | Found a staircase to the Ecumenical Temple.
  7231 | Temple   | Entered the Ecumenical Temple
  7492 | D:6      | Found a burning altar of Makhleb.
  7492 | D:6      | Noticed an Executioner
  7975 | D:5      | Killed Ijyb
  7976 | D:5      | Reached skill level 7 in Conjurations
  8691 | D:6      | HP: 2/52 [water moccasin (5)]
  8692 | D:6      | Slain by a water moccasin

Illustrated notes

Levels and vault maps discovered:
D:1:      sevenhm_arrival_forest_fort_large_3, layout_basic,
          hellmonk_ecumenical_altar_heavens_door
D:2:      layout_rooms
D:3:      layout_rooms
D:4:      layout_rooms, chequers_arboretum, minmay_misc_feat_tiny,
          roderic_serpentine_path, minmay_misc_feat_cross,
          minmay_fire_ice_demons, uniq_natasha
D:5:      layout_basic, uniq_ijyb
D:6:      layout_basic, makhleb_altar_promises_db, minmay_temple_entry_mist,
          enter_ossuary_4, minmay_a_box_with_orc_wizards_in_it, uniq_eustachio,
          uniq_pikel
D:7:      layout_rooms, uniq_duvessa
Temple:   nicolae_temple_slightly_damp_pantheon

Skill      XL: |  1  2  3  4  5  6  7  8  9 |
---------------+----------------------------+-----
Dodging        | 4 5 |  5.8
Long Blades    | 4 5 |  5.6
Conjurations   | 3 4 5 6 7 |  7.0
Fighting       | 3 4 |  4.7
Summonings     | 1 2 4 5 6 |  6.0
Evocations     | 1 2 3 |  3.0
Spellcasting   | 1 3 4 |  4.5
Air Magic      | 2 3 4 |  4.6
Poison Magic   | 1 2 3 |  3.2
Throwing       | |  2.0

Action                   |  1- 3 |  4- 6 |  7- 9 || total
-------------------------+-------+-------+-------++-------
Melee: Long sword        |    81 |    81 |   182 ||   344
       Peck              |    13 |    10 |    53 ||    76
       Kick              |    15 |    20 |    80 ||   115
       Dagger            |       |       |    13 ||    13
Throw: Javelin           |     3 |       |       ||     3
       Throwing net      |     1 |     7 |       ||     8
 Cast: Magic Dart        |       |    79 |   120 ||   199
       Call Imp          |       |     5 |    50 ||    55
       Mephitic Cloud    |       |       |    11 ||    11
Evoke: Wand              |       |       |     2 ||     2
  Use: Potion            |     1 |     4 |     4 ||     9
       Scroll            |       |     8 |     7 ||    15
 Stab: Sleeping          |     1 |     1 |       ||     2
       Held in net/web   |       |     1 |       ||     1
       Confused          |       |       |     6 ||     6
       Distracted        |       |       |     1 ||     1
Armor: Leather armour    |    18 |    31 |    40 ||    89
Dodge: Dodged            |    84 |   118 |   251 ||   453

Table legend: (Time is in decaauts)
 A = Elapsed time spent in this place.
 B = Non-inter-level travel time spent in this place.
 C = Inter-level travel time spent in this place.
 D = Time resting spent in this place.
 E = Time spent auto-exploring this place.
 F = Levels seen in this place.
 G = Mean time per level.
                   A        B        C        D        E       F      G
               +--------+--------+--------+--------+--------+-----+--------+
         Total |   8406 |   7952 |    454 |      0 |   5812 |   9 |  934.0 |
       Dungeon |   7454 |   7017 |    437 |      0 |   5201 |   7 | 1064.9 |
        Temple |    164 |    147 |     17 |      0 |    128 |   1 |  164.0 |
       Ossuary |    787 |    787 |      0 |      0 |    482 |   1 |  787.0 |
               +--------+--------+--------+--------+--------+-----+--------+

Top non-repeatable levels by time:
     D:6: 1540 daAuts
     D:4: 1417 daAuts
     D:3: 1278 daAuts
     D:5: 1144 daAuts
     D:1: 1079 daAuts
     D:2: 898 daAuts
 Ossuary: 787 daAuts
  Temple: 164 daAuts
     D:7: 96 daAuts
